General information
- name: BNet
- type: Ladder team game (AT/RT)
- host: Battle.net
- saver: KuKIuxKlanFan
map: Deadlock
- players: 8
- length: 47:11
- speed: Fast
- version: 1.26 W3XP
- replay type: Public
» download(225 KB)
Players
team 1 (winner)

»
MarcusAurelius (
green | 24 APM | 1135 actions | 47:11)
2 Dreadlord
1 Vampiric Aura
1 Sleep
3 Crypt Lord
2 Carrion Beetles
1 Spiked Carapace
2 Death Knight
1 Death Coil
1 Unholy Aura
» actions
| Basic commands | 19 | |
| Build / train | 66 | |
| Enter build submenu | 18 | |
| Enter hero's abilities submenu | 7 | |
| Remove unit from queue | 1 | |
| Right click | 527 | |
| Select / deselect | 461 | |
| Use ability | 34 | |
1135 total
» units
| Acolyte | 11 | |
| Ghoul | 7 | |
| Gargoyle | 10 | |
| Crypt Fiend | 6 | |
| Frost Wyrm | 3 | |
37 total
» upgrades
| Creature Attack | 3 | |
| Web | 1 | |
| Burrow | 1 | |
| Freezing Breath | 1 | |
| Stone Form | 1 | |
| Creature Carapace | 1 | |
| Unholy Strength | 1 | |
| Unholy Armor | 1 | |
10 total
» buildings
| Ziggurat | 10 | |
| Altar of Darkness | 1 | |
| Crypt | 2 | |
| Nerubian Tower | 1 | |
| Halls of the Dead | 1 | |
| Graveyard | 1 | |
| Black Citadel | 1 | |
| Spirit Tower | 4 | |
| Sacrificial Pit | 1 | |
| Boneyard | 1 | |
23 total
» build order
00:08 Ziggurat
00:11 Altar of Darkness
00:46 Crypt
01:08 Nerubian Tower
02:20 Crypt
04:24 Ziggurat
05:55 Halls of the Dead
07:36 Ziggurat
08:46 Graveyard
11:20 Ziggurat
11:49 Black Citadel
11:53 Ziggurat
11:58 Ziggurat
12:00 Ziggurat
12:31 Spirit Tower
14:36 Sacrificial Pit
16:11 Boneyard
16:23 Spirit Tower
16:24 Spirit Tower
18:23 Spirit Tower
20:08 Ziggurat
20:10 Ziggurat
20:27 Ziggurat
Nigromancer (
teal | 49 APM | 2302 actions | 47:06)
10 Archmage
3 Summon Water Elemental
3 Brilliance Aura
1 Mass Teleport
3 Blizzard
» actions
| Assign group hotkey | 77 | |
| Basic commands | 158 | |
| Build / train | 75 | |
| Enter build submenu | 29 | |
| Enter hero's abilities submenu | 10 | |
| Give item / drop item | 8 | |
| Right click | 923 | |
| Select / deselect | 285 | |
| Select group hotkey | 629 | |
| Use ability | 107 | |
2302 total
» units
| Peasant | 12 | |
| Footman | 8 | |
| Gryphon Rider | 5 | |
| Dragonhawk Rider | 4 | |
29 total
» upgrades
| Lumber Harvesting | 2 | |
| Masonry | 3 | |
| Swords | 3 | |
| Storm Hammers | 1 | |
| Armor | 3 | |
| Animal War Training | 1 | |
| Cloud | 1 | |
14 total
» buildings
| Altar of Kings | 1 | |
| Barracks | 1 | |
| Farm | 9 | |
| Scout Tower | 9 | |
| Arcane Tower | 1 | |
| Lumber Mill | 1 | |
| Keep | 1 | |
| Guard Tower | 2 | |
| Town Hall | 2 | |
| Arcane Vault | 1 | |
| Blacksmith | 1 | |
| Castle | 1 | |
| Gryphon Aviary | 6 | |
36 total
» build order
00:49 Altar of Kings
00:55 Barracks
01:23 Farm
01:48 Farm
01:53 Scout Tower
02:21 Arcane Tower
02:25 Farm
03:22 Lumber Mill
03:28 Keep
05:01 Scout Tower
05:03 Scout Tower
05:04 Scout Tower
05:06 Scout Tower
05:07 Scout Tower
06:33 Guard Tower
06:48 Town Hall
07:00 Farm
07:01 Farm
07:06 Farm
07:09 Farm
08:12 Arcane Vault
08:21 Blacksmith
08:32 Town Hall
11:25 Scout Tower
11:28 Scout Tower
11:30 Scout Tower
11:41 Castle
11:44 Gryphon Aviary
11:47 Gryphon Aviary
11:48 Gryphon Aviary
11:50 Gryphon Aviary
11:53 Gryphon Aviary
11:59 Gryphon Aviary
12:26 Guard Tower
19:35 Farm
19:35 Farm
» items
| Scroll of Regeneration | 2 | |
| Boots of Speed | 2 | |
| Staff of Teleportation | 1 | |
| Periapt of Vitality | 4 | |
| Scroll of Healing | 3 | |
| Potion of Invisibility | 2 | |
| Potion of Lesser Invulnerability | 2 | |
16 total

»
FI_ICK_CRACKERS (
orange | 22 APM | 377 actions | 16:55)
» actions
| Assign group hotkey | 8 | |
| Basic commands | 12 | |
| Build / train | 16 | |
| Enter build submenu | 12 | |
| Right click | 209 | |
| Select / deselect | 100 | |
| Select group hotkey | 8 | |
| Use ability | 12 | |
377 total
» units
» buildings
| Graveyard | 1 | |
| Ziggurat | 8 | |
| Spirit Tower | 3 | |
| Necropolis | 1 | |
13 total
» build order
00:08 Graveyard
01:30 Ziggurat
01:42 Ziggurat
02:23 Spirit Tower
02:38 Spirit Tower
02:56 Ziggurat
03:50 Spirit Tower
04:36 Ziggurat
04:37 Ziggurat
04:39 Ziggurat
04:43 Ziggurat
04:45 Ziggurat
05:42 Necropolis

»
Plant_Scientist (
purple | 32 APM | 898 actions | 28:15)
4 Paladin
2 Holy Light
2 Divine Shield
1 Blood Mage
1 Flame Strike
» actions
| Assign group hotkey | 2 | |
| Basic commands | 1 | |
| Build / train | 96 | |
| Enter build submenu | 20 | |
| Enter hero's abilities submenu | 5 | |
| Right click | 454 | |
| Select / deselect | 264 | |
| Select group hotkey | 3 | |
| Use ability | 53 | |
898 total
» units
| Peasant | 20 | |
| Footman | 14 | |
| Priest | 2 | |
| Knight | 9 | |
| Rifleman | 4 | |
| Flying Machine | 17 | |
| Siege Engine | 5 | |
71 total
» upgrades
| Defend | 1 | |
| Masonry | 3 | |
| Lumber Harvesting | 2 | |
| Swords | 3 | |
| Plating | 3 | |
| Animal War Training | 1 | |
| Flak Cannons | 1 | |
| Flying Machine Bombs | 1 | |
| Barrage | 1 | |
16 total
» buildings
| Altar of Kings | 1 | |
| Farm | 11 | |
| Barracks | 1 | |
| Lumber Mill | 1 | |
| Keep | 1 | |
| Castle | 1 | |
| Blacksmith | 1 | |
| Arcane Sanctum | 1 | |
| Town Hall | 2 | |
| Workshop | 2 | |
22 total
» build order
00:26 Altar of Kings
00:32 Farm
00:47 Barracks
01:14 Farm
01:43 Lumber Mill
01:57 Farm
02:35 Farm
03:26 Keep
03:29 Farm
08:11 Castle
08:20 Blacksmith
08:31 Arcane Sanctum
10:07 Farm
11:17 Town Hall
13:49 Farm
14:17 Farm
14:43 Town Hall
14:54 Farm
15:33 Farm
18:52 Workshop
19:31 Workshop
22:11 Farm
team 2 (loser)
FR-CV6 (
blue | 38 APM | 641 actions | 17:03)
3 Blademaster
2 Wind Walk
1 Critical Strike
» actions
| Assign group hotkey | 12 | |
| Basic commands | 63 | |
| Build / train | 47 | |
| Enter build submenu | 15 | |
| Enter hero's abilities submenu | 3 | |
| Right click | 210 | |
| Select / deselect | 130 | |
| Select group hotkey | 133 | |
| Use ability | 28 | |
641 total
» units
| Peon | 11 | |
| Grunt | 4 | |
| Troll Witch Doctor | 3 | |
| Tauren | 12 | |
30 total
» upgrades
| Witch Doctor Training | 2 | |
| Armor | 1 | |
| Melee Weapons | 2 | |
| Reinforced Defenses | 1 | |
| Shaman Training | 1 | |
| Pulverize | 1 | |
8 total
» buildings
| Orc Burrow | 5 | |
| Altar of Storms | 1 | |
| Barracks | 1 | |
| Voodoo Lounge | 1 | |
| Stronghold | 1 | |
| War Mill | 1 | |
| Watch Tower | 1 | |
| Fortress | 1 | |
| Spirit Lodge | 2 | |
| Tauren Totem | 2 | |
| Great Hall | 1 | |
17 total
» build order
00:12 Orc Burrow
00:17 Altar of Storms
01:09 Barracks
01:24 Orc Burrow
02:15 Voodoo Lounge
03:06 Stronghold
03:44 War Mill
04:27 Orc Burrow
05:05 Watch Tower
05:28 Fortress
05:31 Spirit Lodge
07:10 Spirit Lodge
07:54 Tauren Totem
08:16 Tauren Totem
08:56 Great Hall
09:55 Orc Burrow
09:59 Orc Burrow
» items
| Healing Salve | 2 | |
| Orb of Lightning | 1 | |
3 total
KuKIuxKlanFan (
red | 52 APM | 2460 actions | 47:11)
7 Dreadlord
3 Sleep
3 Vampiric Aura
1 Inferno
6 Death Knight
3 Death Coil
3 Unholy Aura
1 Blademaster
1 Critical Strike
» actions
| Assign group hotkey | 211 | |
| Basic commands | 146 | |
| Build / train | 91 | |
| Enter build submenu | 24 | |
| Enter hero's abilities submenu | 14 | |
| Give item / drop item | 5 | |
| Right click | 900 | |
| Select / deselect | 492 | |
| Select group hotkey | 452 | |
| Use ability | 125 | |
2460 total
» units
| Acolyte | 10 | |
| Ghoul | 4 | |
| Crypt Fiend | 6 | |
| Obsidian Statue | 8 | |
28 total
» upgrades
| Creature Attack | 3 | |
| Creature Carapace | 3 | |
| Web | 1 | |
| Destroyer Form | 1 | |
| Ghoul Frenzy | 1 | |
| Shaman Training | 1 | |
| Disease Cloud | 1 | |
| Unholy Strength | 3 | |
| Unholy Armor | 2 | |
| Burrow | 1 | |
| Cannibalize | 1 | |
| Backpack | 1 | |
| Exhume Corpses | 1 | |
| Stone Form | 1 | |
21 total
» buildings
| Altar of Darkness | 1 | |
| Ziggurat | 13 | |
| Graveyard | 1 | |
| Crypt | 1 | |
| Nerubian Tower | 1 | |
| Spirit Tower | 11 | |
| Tomb of Relics | 1 | |
| Halls of the Dead | 1 | |
| Slaughterhouse | 1 | |
| Black Citadel | 1 | |
| Orc Burrow | 1 | |
| Great Hall | 1 | |
34 total
» build order
00:07 Altar of Darkness
00:12 Ziggurat
00:44 Graveyard
01:07 Crypt
01:10 Nerubian Tower
01:39 Ziggurat
01:41 Ziggurat
02:46 Spirit Tower
03:22 Ziggurat
03:44 Tomb of Relics
05:22 Halls of the Dead
07:34 Ziggurat
08:43 Slaughterhouse
09:46 Ziggurat
09:59 Spirit Tower
10:11 Ziggurat
11:07 Spirit Tower
11:36 Black Citadel
14:50 Ziggurat
14:54 Ziggurat
15:46 Spirit Tower
15:46 Spirit Tower
16:05 Spirit Tower
20:45 Ziggurat
20:46 Ziggurat
20:49 Ziggurat
20:50 Ziggurat
21:18 Orc Burrow
21:49 Spirit Tower
21:55 Spirit Tower
21:55 Spirit Tower
21:58 Spirit Tower
21:59 Spirit Tower
30:13 Great Hall
» items
| Boots of Speed | 2 | |
| Staff of Teleportation | 2 | |
| Potion of Healing | 1 | |
| Orb of Corruption | 2 | |
| Scroll of Town Portal | 2 | |
| Orb of Lightning | 1 | |
| Tiny Great Hall | 1 | |
| Potion of Mana | 1 | |
12 total
WALT-DISNEY. (
yellow | 47 APM | 2197 actions | 47:04)
7 Mountain King
3 Storm Bolt
3 Bash
1 Avatar
» actions
| Assign group hotkey | 34 | |
| Basic commands | 173 | |
| Build / train | 106 | |
| Enter build submenu | 22 | |
| Enter hero's abilities submenu | 7 | |
| Give item / drop item | 3 | |
| Remove unit from queue | 3 | |
| Right click | 771 | |
| Select / deselect | 324 | |
| Select group hotkey | 679 | |
| Use ability | 75 | |
2197 total
» units
| Peasant | 23 | |
| Footman | 6 | |
| Gryphon Rider | 12 | |
| Knight | 4 | |
| Peon | 5 | |
| Flying Machine | 7 | |
| Tauren | 4 | |
61 total
» upgrades
| Masonry | 1 | |
| Lumber Harvesting | 2 | |
| Animal War Training | 1 | |
| Swords | 2 | |
| Armor | 2 | |
| Storm Hammers | 1 | |
| Barrage | 1 | |
| Flying Machine Bombs | 1 | |
| Flak Cannons | 1 | |
12 total
» buildings
| Altar of Kings | 1 | |
| Barracks | 1 | |
| Farm | 11 | |
| Scout Tower | 11 | |
| Arcane Tower | 1 | |
| Arcane Vault | 1 | |
| Town Hall | 4 | |
| Lumber Mill | 1 | |
| Keep | 1 | |
| Blacksmith | 1 | |
| Castle | 3 | |
| Guard Tower | 7 | |
| Gryphon Aviary | 4 | |
| Workshop | 2 | |
49 total
» build order
00:13 Altar of Kings
00:25 Barracks
00:38 Farm
00:56 Farm
01:39 Farm
01:43 Scout Tower
02:11 Arcane Tower
02:15 Arcane Vault
03:57 Town Hall
04:15 Lumber Mill
05:05 Keep
05:32 Blacksmith
06:27 Town Hall
07:14 Scout Tower
07:15 Scout Tower
07:16 Scout Tower
07:18 Scout Tower
07:18 Scout Tower
07:19 Scout Tower
07:20 Scout Tower
08:02 Castle
08:03 Castle
08:04 Guard Tower
08:04 Guard Tower
08:13 Gryphon Aviary
08:44 Gryphon Aviary
09:39 Guard Tower
10:12 Guard Tower
11:03 Farm
11:03 Farm
11:04 Farm
11:05 Farm
11:05 Farm
11:05 Farm
11:52 Farm
11:52 Farm
13:06 Scout Tower
13:06 Scout Tower
13:06 Scout Tower
15:12 Guard Tower
16:48 Workshop
16:52 Workshop
18:26 Gryphon Aviary
24:32 Gryphon Aviary
29:22 Town Hall
34:46 Town Hall
» items
| Scroll of Regeneration | 3 | |
| Potion of Mana | 1 | |
| Potion of Lesser Invulnerability | 1 | |
| Staff of Teleportation | 1 | |
| Scroll of Town Portal | 1 | |
| Dust of Appearance | 1 | |
8 total
diracnotation (
pink | 27 APM | 1258 actions | 47:11)
4 Keeper of the Grove
2 Entangling Roots
2 Thorns Aura
2 Pandaren Brewmaster
1 Breath of Fire
1 Drunken Brawler
1 Priestess of the Moon
1 Trueshot Aura
» actions
| Assign group hotkey | 29 | |
| Basic commands | 1 | |
| Build / train | 61 | |
| ESC pressed | 5 | |
| Enter build submenu | 21 | |
| Enter hero's abilities submenu | 7 | |
| Right click | 478 | |
| Select / deselect | 259 | |
| Select group hotkey | 324 | |
| Use ability | 73 | |
1258 total
» units
| Wisp | 13 | |
| Archer | 7 | |
| Hippogryph | 7 | |
| Chimaera | 3 | |
| Tauren | 4 | |
34 total
» upgrades
| Improved Bows | 1 | |
| Strength of the Moon | 3 | |
| Moon Armor | 3 | |
| Hippogryph Taming | 1 | |
| Ultravision | 1 | |
| Well Spring | 1 | |
| Marksmanship | 1 | |
| Corrosive Breath | 1 | |
| Strength of the Wild | 1 | |
| Reinforced Hides | 1 | |
14 total
» buildings
| Altar of Elders | 1 | |
| Moon Well | 7 | |
| Ancient of War | 2 | |
| Tree of Ages | 1 | |
| Hunter's Hall | 1 | |
| Tree of Eternity | 2 | |
| Ancient Protector | 4 | |
| Ancient of Wind | 3 | |
| Chimaera Roost | 1 | |
22 total
» build order
00:13 Altar of Elders
00:22 Moon Well
01:49 Moon Well
02:08 Moon Well
02:27 Ancient of War
02:28 Ancient of War
03:32 Moon Well
04:07 Tree of Ages
04:14 Moon Well
04:51 Hunter's Hall
06:49 Tree of Eternity
06:54 Ancient Protector
07:11 Ancient of Wind
08:17 Ancient of Wind
08:19 Ancient of Wind
08:20 Tree of Eternity
12:59 Chimaera Roost
15:18 Ancient Protector
15:34 Ancient Protector
15:35 Ancient Protector
20:16 Moon Well
21:28 Moon Well
Chat log
(00:22 / All) KuKIuxKlanFan: Marcus Aurelius, no need to turn everything into a casus belli
(00:30 / All) KuKIuxKlanFan: You plebian catamite
(00:37 / All) FI_ICK_CRACKERS: FUCK WHITE PEOPLE
(00:43 / All) Nigromancer: I surely do not
(00:56 / All) KuKIuxKlanFan: Fucking white people is humane, black on white is homosex
(01:02 / All) Nigromancer: I leave dead niggers lie
(01:09 / All) FI_ICK_CRACKERS: FUCK YOU HONKEY
(01:27 / All) KuKIuxKlanFan: Are you black, oj?
(01:34 / All) FI_ICK_CRACKERS: NOPE
(01:36 / All) FI_ICK_CRACKERS: FUCKIN CRACKER
(01:46 / All) KuKIuxKlanFan: You sound black.
(01:52 / All) KuKIuxKlanFan: Hitler would be ashamed of you.
(01:53 / All) FI_ICK_CRACKERS: YOU LOOK BLACK.
(01:59 / All) KuKIuxKlanFan: Oh snap.
(02:00 / All) Nigromancer: I'm not prejudiced
(02:02 / All) WALT-DISNEY.: orange u suck cock
(02:07 / All) FI_ICK_CRACKERS: FUCK YOU NIGGER TITS
(02:09 / All) Nigromancer: My grandfather owned niggers
(02:12 / All) KuKIuxKlanFan: That is why your name is Nigromancer right?
(02:15 / All) FI_ICK_CRACKERS: I STILL OWN NIGGERS
(02:25 / All) KuKIuxKlanFan: My dreadlord says "Agreed"
(03:02 / All) FI_ICK_CRACKERS: GG
(03:05 / All) FI_ICK_CRACKERS: GREEN LOSES
(03:06 / All) KuKIuxKlanFan: GG NO RE
(03:47 / All) FI_ICK_CRACKERS: GG GREEN
(03:55 / All) KuKIuxKlanFan: GG Blackman
(03:57 / All) FI_ICK_CRACKERS: |LAWL
(03:59 / All) FI_ICK_CRACKERS: YOU LOSE
(04:02 / All) KuKIuxKlanFan: LOL KK
(04:07 / All) KuKIuxKlanFan: Go pick some cotton.
(04:30 / Allies) WALT-DISNEY.: wood
(04:47 / Allies) WALT-DISNEY.: and a little gold ty
(05:19 / All) FI_ICK_CRACKERS: GREEN AND TEAL LOSE
(05:26 / All) Nigromancer: Think so?
(05:28 / All) KuKIuxKlanFan: LOL KK Nigger
(05:30 / All) FI_ICK_CRACKERS: YUP
(05:31 / All) MarcusAurelius: ur a dumb ass
(05:31 / All) FI_ICK_CRACKERS: I BS
(05:32 / All) FI_ICK_CRACKERS: HAHAH
(05:32 / Allies) KuKIuxKlanFan: My expo
(05:40 / All) KuKIuxKlanFan: Kill yourself, worthless nigger.
(05:45 / All) MarcusAurelius: and failed horriably
(05:47 / All) FI_ICK_CRACKERS: SUCK A DICK WHITEY
(05:52 / All) FI_ICK_CRACKERS: NOPE YOU STILL LOSE
(05:54 / All) FI_ICK_CRACKERS: HAHAHA
(06:32 / Allies) FR-CV6: yellow
(06:35 / Allies) WALT-DISNEY.: ill feed u blue
(06:36 / Allies) WALT-DISNEY.: relax
(06:40 / Allies) FR-CV6: i need expo too
(06:46 / Allies) WALT-DISNEY.: ill give u resources
(06:50 / Allies) FR-CV6: u have one already
(06:55 / Allies) KuKIuxKlanFan: This is mine
(06:55 / Allies) WALT-DISNEY.: ill feed u
(06:58 / Allies) WALT-DISNEY.: it doesnt matter who has it
(08:03 / Allies) diracnotation: ty
(08:07 / Allies) WALT-DISNEY.: welcome
(08:10 / Allies) WALT-DISNEY.: wood?
(08:18 / Allies) FR-CV6: fuck
(08:40 / Allies) WALT-DISNEY.: wood red
(08:50 / Allies) KuKIuxKlanFan: Wood please
(09:01 / Allies) WALT-DISNEY.: pink u go tlike 700
(09:16 / All) FI_ICK_CRACKERS: rED KILL THEM PLASE
(09:18 / All) FI_ICK_CRACKERS: HAHAHA
(09:19 / Allies) FR-CV6: fucking noob yel
(09:52 / Allies) WALT-DISNEY.: coming
(09:55 / Allies) WALT-DISNEY.: we are coming blue
(09:55 / Allies) FR-CV6: fuck u
(10:31 / Allies) FR-CV6: almost 3k
(10:35 / Allies) FR-CV6: yellow has
(10:46 / Allies) WALT-DISNEY.: wood plz pink
(12:30 / All) FI_ICK_CRACKERS: LAWL
(12:32 / All) FI_ICK_CRACKERS: YOU LOSE NIGGERS
(12:34 / Allies) FR-CV6: give me gold idiot yellow or i destory ur fucking base
(12:41 / All) WALT-DISNEY.: orange i guarantee u u'll want to stab in the game
(12:50 / All) FI_ICK_CRACKERS: QUEUE?
(13:17 / Allies) FR-CV6: ok ill destory ur fucking base yellow
(13:24 / All) FI_ICK_CRACKERS: LAWL
(13:25 / All) FI_ICK_CRACKERS: YOU LOSE
(13:27 / All) FI_ICK_CRACKERS: HAHAHAAH
(13:28 / All) KuKIuxKlanFan: BLUE IS BLACKSTABBER OMFG
(13:28 / All) FI_ICK_CRACKERS: HAHAHAHA
(13:30 / All) FI_ICK_CRACKERS: GG
(13:37 / All) FI_ICK_CRACKERS: NOPE
(13:39 / All) FI_ICK_CRACKERS: YOU WIN
(13:41 / Allies) WALT-DISNEY.: tp red
(13:42 / Allies) WALT-DISNEY.: tp red
(13:43 / All) FI_ICK_CRACKERS: GREEN AND TEAL LOOSSSSEEEE
(15:02 / All) FI_ICK_CRACKERS: INC PINK
(15:04 / All) FI_ICK_CRACKERS: TEAL IS COMING
(16:35 / Allies) FR-CV6: fucking yellow get much gold and live in warcraft III
(16:36 / All) FI_ICK_CRACKERS: INC RED AND BLUE
(16:40 / All) FI_ICK_CRACKERS: GREEN HAS A SHADE
(16:41 / All) WALT-DISNEY.: blue got owned lawl
(16:42 / All) FI_ICK_CRACKERS: aT YORU ARMY RED
(16:46 / Allies) FR-CV6: STFU
(17:01 / Allies) FR-CV6: fucking idiot
(17:05 / All) MarcusAurelius: ?
(17:07 / All) KuKIuxKlanFan: raperaperaperape
(17:12 / Allies) WALT-DISNEY.: ok stop
(19:17 / All) Nigromancer: Have you guys ever red alice in wonderland or through the looking glass
(19:34 / All) MarcusAurelius: no?
(19:46 / All) Nigromancer: They're great and not for children at all
(21:24 / Allies) WALT-DISNEY.: lets hit purple
(21:30 / Allies) WALT-DISNEY.: hes making flyign machines
(21:40 / All) MarcusAurelius: so y did u kill blue anyways
(21:51 / Allies) WALT-DISNEY.: keep goign pink
(21:52 / Allies) WALT-DISNEY.: ignor etela
(21:53 / All) KuKIuxKlanFan: He was homosexual
(22:00 / All) Plant_Scientist: understandable
(22:29 / All) WALT-DISNEY.: gladiator was pro
(24:26 / All) MarcusAurelius: not sure what teals.. doing..
(24:40 / All) WALT-DISNEY.: gladiator was pro movie
(24:46 / All) MarcusAurelius: yup
(24:51 / All) Nigromancer: indeed
(25:14 / All) MarcusAurelius: teals.. just been standing near the battles
(25:23 / All) MarcusAurelius: watching me die
(25:26 / All) KuKIuxKlanFan: owned
(25:30 / All) KuKIuxKlanFan: stupid pleb
(26:00 / All) WALT-DISNEY.: fucking pink is fucking us
(26:21 / All) Nigromancer: He seems to be playing bad on purpose
(26:35 / All) MarcusAurelius: oj failed at bsing
(26:44 / All) MarcusAurelius: and i dont no what teals doing
(26:48 / All) KuKIuxKlanFan: just like you failed at life
(26:49 / All) WALT-DISNEY.: green
(26:50 / All) KuKIuxKlanFan: and at wc3
(26:52 / All) WALT-DISNEY.: we're doign same thing to pink
(27:04 / All) MarcusAurelius: and now pinks bsing?
(27:31 / All) KuKIuxKlanFan: Dual level 6 heroes
(27:59 / All) WALT-DISNEY.: i still dont think green or purp realizes whts going on
(28:00 / All) WALT-DISNEY.: pink either
(28:05 / All) WALT-DISNEY.: leave pinks altar
(28:21 / Allies) KuKIuxKlanFan: tauren
(28:29 / All) MarcusAurelius: idk u guys friends or something
(28:32 / All) KuKIuxKlanFan: yes
(28:37 / All) KuKIuxKlanFan: teal, me, and yellow
(28:48 / All) KuKIuxKlanFan: we backstab 24/8 professionally
(29:47 / All) KuKIuxKlanFan: pink is still in-game, no idea why
(29:51 / All) Nigromancer: My hero has 600 extra hit points
(29:58 / All) WALT-DISNEY.: green and pink listen up
(30:17 / All) WALT-DISNEY.: red teal and yellow are friends, we're gonna all our shit, including our own, and leave game, person with best internet wins
(30:19 / All) WALT-DISNEY.: sounds fair?
(30:31 / All) WALT-DISNEY.: that was a bad explanation lawl
(30:47 / All) Nigromancer: I feel like dying
(30:58 / All) WALT-DISNEY.: oh i see
(31:05 / All) WALT-DISNEY.: dratstabs chick was kind of hot
(31:08 / All) WALT-DISNEY.: red hair is pro
(31:18 / All) Nigromancer: lol
(31:25 / All) KuKIuxKlanFan: that was a chick? thought it was marine wildlife
(31:48 / All) WALT-DISNEY.: i wonder if shes seen his stabbing collages
(31:49 / All) KuKIuxKlanFan: god damn, I was trying to make blue an expo
(31:52 / All) WALT-DISNEY.: and what he does
(32:15 / All) WALT-DISNEY.: pink u get one hero
(32:21 / All) KuKIuxKlanFan: for now
(32:39 / All) KuKIuxKlanFan: pink is blackstabbing
(32:45 / All) KuKIuxKlanFan: 3 tauren, pro
(32:51 / All) Nigromancer: thou most untoward knave!
(32:53 / Allies) diracnotation: nah just watching
(33:17 / All) KuKIuxKlanFan: pink is trying to resurrect 3 heroes, not 1
(33:17 / Allies) diracnotation: wondering why blue left
(33:35 / Allies) diracnotation: yeah watch out
(33:39 / Allies) diracnotation: im comin back
(33:43 / All) KuKIuxKlanFan: Pink has violated a compact
(33:50 / Allies) diracnotation: ?
(33:58 / All) KuKIuxKlanFan: One hero, not two or three
(34:02 / All) MarcusAurelius: u guys going to be long or should i just leave
(34:06 / All) KuKIuxKlanFan: I shall let it live, and then your altar will be cut down
(34:11 / All) WALT-DISNEY.: almost over green
(34:14 / All) WALT-DISNEY.: we're killing our buildings
(34:16 / Allies) diracnotation: no!
(34:18 / All) MarcusAurelius: ok
(34:59 / Allies) diracnotation: gay
(35:09 / All) KuKIuxKlanFan: We said one, not multiple
(35:47 / All) WALT-DISNEY.: jackass i wanted to build a hall there!
(35:47 / Allies) diracnotation: wow wtf
(36:00 / All) KuKIuxKlanFan: ?
(36:04 / All) MarcusAurelius: wish i still had my shade
(36:21 / All) WALT-DISNEY.: make new one
(36:28 / All) KuKIuxKlanFan: he probably has no acolytes
(36:37 / All) MarcusAurelius: all my acolytes r dead
(36:43 / All) Nigromancer: hE THINKS HE CAN USE ORANGE SHADE LOL
(36:56 / All) MarcusAurelius: thought i was worth a try
(37:06 / All) Nigromancer: No, it made you look foolish
(37:09 / All) KuKIuxKlanFan: you are never worth a try, pondscum. the only try you get is to win the standoff
(37:12 / All) WALT-DISNEY.: green is 18-12
(37:29 / All) KuKIuxKlanFan: 1 hero, not 2 pink
(37:57 / All) WALT-DISNEY.: pink im pro with tp staff
(38:00 / All) WALT-DISNEY.: do not underestimate me
(38:02 / All) KuKIuxKlanFan: I will leave your huntard's hall so you can research upgrades
(38:11 / All) KuKIuxKlanFan: Pink, do not attack me with your keeper of the groovy. It will mean his demise
(38:43 / Allies) KuKIuxKlanFan: These towers can kill our shit
(39:03 / All) WALT-DISNEY.: standoff complete on our side for the most part
(39:44 / All) KuKIuxKlanFan: Sorry, pink, but the standoff requires no heroes.
(39:46 / Allies) diracnotation: thanks
(39:50 / All) KuKIuxKlanFan: Relax, you can still win.
(39:56 / All) KuKIuxKlanFan: Last one to leave wins a standoff, after all.
(40:00 / All) WALT-DISNEY.: i prefer if green gets the loss kill yo shit nigga
(40:05 / All) WALT-DISNEY.: lets make this a standoff
(40:16 / All) WALT-DISNEY.: pink will u stay in game if we kill all our units and buildigns
(40:19 / All) MarcusAurelius: harsh
(41:00 / All) diracnotation: my hunters hall is gonna win
(41:14 / All) KuKIuxKlanFan: Kill your shit, turncoat
(41:17 / All) KuKIuxKlanFan: I was just helping
(41:31 / All) Nigromancer: Do you have towers
(41:37 / All) KuKIuxKlanFan: Yes, two to kill my dl
(41:41 / All) WALT-DISNEY.: 2 bot middle expo in midddle of map
(41:49 / All) KuKIuxKlanFan: RIP dreadlord
(41:53 / All) KuKIuxKlanFan: Algammon, level 7
(41:55 / All) KuKIuxKlanFan: 2012 - 2012
(41:57 / All) MarcusAurelius: aw but im upgrading
(42:53 / All) WALT-DISNEY.: u better scan the map nigga
(43:22 / All) Nigromancer: they all 0/0 food
(43:30 / All) KuKIuxKlanFan: Good, well done
(43:34 / All) Nigromancer: Only I, Andromath remain
(44:16 / All) KuKIuxKlanFan: Kill your heroes god damn
(44:21 / All) KuKIuxKlanFan: Duel to the death, victor dies to towers
(44:46 / All) MarcusAurelius: money on teal now that yellow used his ult
(45:02 / All) WALT-DISNEY.: oh yea cuz a bolt cant one shot him
(45:11 / All) KuKIuxKlanFan: INVULNERABILITY POTIONS
(45:30 / All) KuKIuxKlanFan: Run, nigger, run.
(45:58 / All) KuKIuxKlanFan: Sick bash
(46:03 / All) KuKIuxKlanFan: SCROLL OF HEALING
(46:12 / All) KuKIuxKlanFan: Pro bolt
(46:12 / All) Nigromancer: Lol
(46:13 / All) MarcusAurelius: game
(46:14 / All) WALT-DISNEY.: finish me lawl
(46:24 / All) KuKIuxKlanFan: Let the elemental get the final kill
(46:28 / All) Nigromancer: I shouldn't have dropped my periapts
(46:37 / All) KuKIuxKlanFan: To he goes the honour of the last kill
(46:41 / All) Nigromancer: It will be close
(46:46 / All) KuKIuxKlanFan: RIP Buri Frostbeard, Mountain King 2012 - 2012
(46:47 / All) WALT-DISNEY.: lawl
(46:50 / All) WALT-DISNEY.: owned
(46:52 / All) WALT-DISNEY.: WOW
(46:56 / All) KuKIuxKlanFan: LET IT BEGIN, LET IT BEGIN
(46:58 / All) WALT-DISNEY.: had time for no more shots
(47:01 / All) WALT-DISNEY.: good luck all lawl
(47:09 / All) KuKIuxKlanFan: Good luck have fun